 Dungeon Crawl Stone Soup version 0.25-a0-743-g84dc20635f (webtiles) character file.

Game seed: 13411808015047583512, levelgen mode: deterministic

350652 Hastur the Scorcher (level 21, -2/188 HPs)
             Began as a Red Draconian Ice Elementalist on Apr 12, 2020.
             Was a High Priest of Vehumet.
             Slain by Mennas
             ... wielding a +5 eudemon blade of holy wrath
              (16 damage)
             ... on level 2 of the Vaults on Apr 13, 2020.
             The game lasted 04:39:49 (76860 turns).

Hastur the Scorcher (DrIE)                         Turns: 76860, Time: 04:39:49

Health: -2/188     AC: 14    Str: 14    XL:     21   Next: 28%
Magic:  0/40       EV: 21    Int: 31    God:    Vehumet [*****.]
Gold:   2522       SH: 14    Dex: 21    Spells: 3/50 levels left

rFire    + + +     SeeInvis .   k - +2 long sword (elec)
rCold    + + .     Gourm    .   p - +0 kite shield {reflect}
rNeg     + . .     Faith    .   (armour unavailable)
rPois    +         Spirit   +   J - -2 hat of the Alchemist {rElec rPois rF+ rC+ rN+ MR+ rMut rCorr}
rElec    +         Reflect  +   f - +1 cloak of Limitation {Str+3 Int+3 Dex+5 Stlth-}
rCorr    +         Harm     .   i - +1 pair of gloves
rMut     +                      u - +0 pair of boots of the Endless Expanse {rF++}
MR       +++..                  r - amulet "Vual" {Spirit rPois Int+4 Dex+3}
Stlth    +.........             j - ring of protection from cold
HPRegen  0.41/turn              R - ring of protection from magic
MPRegen  0.27/turn

@: glowing, silenced
A: breathe fire, unfitting armour, fire resistance 1, cold-blooded, AC +11
}: 2/15 runes: decaying, serpentine
a: Breathe Fire, Renounce Religion


You were on level 2 of the Vaults.
You worshipped Vehumet.
Vehumet was extremely pleased with you.
You were not hungry.

You visited 7 branches of the dungeon, and saw 36 of its levels.
You visited 1 bazaar.
You also visited: Sewer, Ossuary and Gauntlet.

You collected 4241 gold pieces.
You spent 1719 gold pieces at shops.

Inventory:

Hand Weapons
 k - a +2 long sword of electrocution (weapon)
 U - the cursed +1 dagger "Uliorch" {freeze, MR+ Dex+4}
   (You found it on level 4 of the Swamp)

   It has been specially enchanted to freeze those struck by it, causing extra
   injury to most foes and up to half again as much damage against particularly
   susceptible opponents.
   It can also slow down cold-blooded creatures.
   It affects your dexterity (+4).
   It affects your resistance to hostile enchantments.
   It has a curse placed upon it.
Missiles
 G - 6 throwing nets (quivered)
Armour
 f - the +1 cloak of Limitation (worn) {Str+3 Int+3 Dex+5 Stlth-}
   (You found it on level 1 of the Lair of Beasts)

   It affects your strength (+3).
   It affects your intelligence (+3).
   It affects your dexterity (+5).
   It makes you less stealthy.
 i - a +1 pair of gloves (worn)
 p - a +0 kite shield of reflection (worn)
 u - the +0 pair of boots of the Endless Expanse (worn) {rF++}
   (You found it on level 4 of the Dungeon)

   It greatly protects you from fire.
 J - the -2 hat of the Alchemist (worn) {rElec rPois rF+ rC+ rN+ MR+ rMut rCorr}
   (You bought it in a shop on level 11 of the Dungeon)

   It protects you from fire.
   It protects you from cold.
   It insulates you from electricity.
   It protects you from poison.
   It protects you from negative energy.
   It affects your resistance to hostile enchantments.
   It provides partial protection from all sources of acid and corrosion.
   It protects you from mutation.
Magical Staves
 d - an uncursed staff of energy
Jewellery
 j - a ring of protection from cold (left hand)
 r - the amulet "Vual" (around neck) {Spirit rPois Int+4 Dex+3}
   (You acquired it on level 13 of the Dungeon)

   [amulet of guardian spirit]

   It causes incoming damage to be split between your health and magic.
   It affects your intelligence (+4).
   It affects your dexterity (+3).
   It protects you from poison.
 s - an uncursed ring of protection from fire
 v - an uncursed ring of resist corrosion
 Q - an uncursed ring of positive energy
 R - a ring of protection from magic (right hand)
Wands
 a - a wand of iceblast (18)
 z - a wand of paralysis (12)
 B - a wand of acid (8)
 C - a wand of scattershot (4)
 N - a wand of clouds (6)
 W - a wand of digging (13)
Scrolls
 c - 3 scrolls of fear
 l - 9 scrolls of blinking
 n - 14 scrolls of teleportation
 t - 12 scrolls of remove curse
 y - 8 scrolls of enchant weapon
 A - a scroll of summoning
 D - 4 scrolls of magic mapping
 H - 2 scrolls of noise
 I - a scroll of fog
 L - 13 scrolls of identify
 M - 3 scrolls of vulnerability
 O - a scroll of enchant armour
 T - 3 scrolls of amnesia
 Y - a scroll of torment
Potions
 e - 14 potions of curing
 g - 6 potions of flight
 h - 4 potions of heal wounds
 m - a potion of magic
 o - 10 potions of lignification
 q - 5 potions of ambrosia
 w - 3 potions of invisibility
 x - 6 potions of cancellation
 F - 2 potions of resistance
 P - 5 potions of brilliance
 S - 3 potions of mutation
 V - 3 potions of berserk rage
 X - 3 potions of haste
Miscellaneous
 E - a phantom mirror
 K - 3 boxes of beasts
Comestibles
 b - 26 rations


   Skills:
 + Level 16.2 Fighting
 - Level 10.0 Dodging
 - Level 6.1 Stealth
 - Level 15.0 Shields
 - Level 15.0 Spellcasting
 - Level 14.0 Conjurations
 - Level 11.0 Summonings
 + Level 17.1 Fire Magic
 - Level 6.0 Ice Magic
 - Level 6.1 Air Magic


You had 3 spell levels left.
You knew the following spells:

 Your Spells              Type           Power        Failure   Level  Hunger
a - Magic Dart            Conj           ####         0%          1    None
b - Shadow Creatures      Summ           N/A          3%          6    ###....
c - Fireball              Conj/Fire      #######...   1%          5    None
d - Sticky Flame          Conj/Fire      #######.     1%          4    None
e - Airstrike             Air            ######....   1%          4    None
f - Mephitic Cloud        Conj/Pois/Air  ######..     1%          3    None
g - Blink                 Tloc           N/A          3%          2    None
h - Ignite Poison         Fire/Tmut/Pois ######..     1%          3    None
i - Starburst             Conj/Fire      #######...   1%          6    ###....
k - Freezing Cloud        Conj/Ice/Air   ######....   2%          6    ###....
l - Spellforged Servitor  Conj/Summ      #######...   2%          7    #####..

Your spell library contained the following spells:

 Spells                   Type           Power        Failure   Level  Hunger
 Chain Lightning          Conj/Air       ######....   45%         8    ######.
 Fire Storm               Conj/Fire      #######...   58%         9    #######
 Absolute Zero            Ice            ######....   100%        9    #######
 Foxfire                  Conj/Fire      ####         0%          1    None
 Conjure Flame            Conj/Fire      #######.     0%          3    None
 Animate Skeleton         Necr           N/A          1%          1    None
 Apportation              Tloc           ###...       1%          1    None
 Beastly Appendage        Tmut           ###...       1%          1    None
 Corona                   Hex            ###....      1%          1    None
 Freeze                   Ice            ####         1%          1    None
 Infusion                 Chrm           ###.         1%          1    None
 Pain                     Necr           ###.         1%          1    None
 Shock                    Conj/Air       ####         1%          1    None
 Summon Small Mammal      Summ           ####         1%          1    None
 Call Imp                 Summ           #######.     1%          2    None
 Ensorcelled Hibernation  Hex/Ice        #####.       1%          2    None
 Swiftness                Chrm/Air       #####...     1%          2    None
 Call Canine Familiar     Summ           #######.     1%          3    None
 Dazzling Flash           Conj/Hex       ######       1%          3    None
 Frozen Ramparts          Ice            ######       1%          3    None
 Inner Flame              Hex/Fire       ######..     1%          3    None
 Ozocubu's Armour         Chrm/Ice       #####...     1%          3    None
 Recall                   Summ/Tloc      N/A          1%          3    None
 Static Discharge         Conj/Air       ######..     1%          3    None
 Summon Guardian Golem    Hex/Summ       ######..     1%          3    None
 Shroud of Golubria       Chrm/Tloc      ###...       3%          2    None
 Slow                     Hex            ###.....     3%          2    None
 Song of Slaying          Chrm           ###.....     3%          2    None
 Sticks to Snakes         Tmut           ###.....     3%          2    None
 Sublimation of Blood     Necr           ###.......   3%          2    None
 Confusing Touch          Hex            ###.....     6%          3    None
 Spectral Weapon          Hex/Chrm       ###.....     6%          3    None
 Spider Form              Tmut/Pois      ###.......   6%          3    None
 Tukima's Dance           Hex            ###.....     6%          3    None
 Hailstorm                Conj/Ice       ######..     1%          4    None
 Summon Ice Beast         Ice/Summ       ######..     1%          4    None
 Summon Lightning Spire   Summ/Air       ######..     1%          4    None
 Lightning Bolt           Conj/Air       ######....   1%          5    None
 Ignition                 Fire           #######...   3%          8    ######.
 Ice Form                 Ice/Tmut       #####...     5%          4    None
 Silence                  Hex/Air        #####.....   16%         5    None
 Animate Dead             Necr           N/A          19%         4    None
 Cause Fear               Hex            ###.......   19%         4    None
 Ring of Flames           Chrm/Fire      ######....   43%         7    #####..
 Blade Hands              Tmut           ###.......   47%         5    None
 Borgnjor's Vile Clutch   Necr/Erth      ###.......   47%         5    None
 Simulacrum               Ice/Necr       #####.....   65%         6    ###....
 Darkness                 Hex            ###.......   96%         6    ###....
 Death Channel            Necr           ###.......   96%         6    ###....
 Dragon Form              Tmut           ###.......   100%        7    #####..
 Dragon's Call            Summ           #######...   100%        9    #######
 Shatter                  Erth           ###.......   100%        9    #######
 Tornado                  Air            ######....   100%        9    #######


Dungeon Overview and Level Annotations

Branches:
Dungeon (15/15)            Temple (0/1) D:7            Lair (6/6) D:11
  Swamp (4/4) Lair:3        Snake (4/4) Lair:4        Slime (0/5) Lair:5
    Orc (2/2) D:9             Elf (3/3) Orc:2        Vaults (2/5) D:14
 Depths (0/5) D:15          Sewer (visited)         Ossuary (visited)
Gauntlet (visited)
  Crypt: Vaults:2-3

Altars:
Cheibriados
Elyvilon
Gozag
Hepliaklqana
Kikubaaqudgha
Okawaru
Qazlal
Sif Muna
Trog
Vehumet
Wu Jian
Xom
Beogh
Jiyva

Shops:
D:9 *   D:11 [*   Orc:2 (=[*   Elf:1 =   Elf:2 =   Elf:3 ?[}   Snake:4 =

Portals:
Abyss: Swamp:1

Annotations:
D:4 3 runed translucent doors, Crazy Yiuf; triki's ghost, amateur KoAr
D:7 3 runed translucent doors, KiliKikkendorf's ghost, novice HOFi; lis82's ghost, novice DEAE; paps's ghost, novice OpFi; pljop's ghost, novice DgEE
D:14 1 runed translucent door, Nuhysch's ghost, journeyman GrEE
Lair:5 2 transporters, Askman's ghost, journeyman DsFi
Lair:6 1 runed translucent door, flt's ghost, journeyman GnWr
Swamp:1 2 transporters, Duecs's ghost, adept OpWn; Roxanne
Swamp:2 2 transporters
Snake:2 3 runed translucent doors, Armakuni's ghost, adept DrCj
Elf:2 3 runed translucent doors
Elf:3 1 exclusion
Vaults:2 Mennas


Innate Abilities, Weirdness & Mutations

You can breathe blasts of fire.
Your fiery red scales are hard. (AC +11)
You cannot fit into any form of body armour.
Your flesh is heat resistant. (rF+)
You are cold-blooded and may be slowed by cold attacks.


Message History

Mennas hits you with a +5 eudemon blade of holy wrath!
Mennas blocks your attack.
Mennas is heavily wounded.
Mennas hits you with a +5 eudemon blade of holy wrath!!
* * * LOW HITPOINT WARNING * * *
Mennas hits you with a +5 eudemon blade of holy wrath!
* * * LOW HITPOINT WARNING * * *
Mennas blocks your cyclops's attack. You block Mennas's attack.
Mennas hits you with a +5 eudemon blade of holy wrath!!
* * * LOW HITPOINT WARNING * * *
You feel much better.
Your cyclops dissolves into shadows!
Mennas hits you with a +5 eudemon blade of holy wrath!!
* * * LOW HITPOINT WARNING * * *
You block Mennas's attack.
Mennas is caught in a moment of prayer.
Mennas hits you with a +5 eudemon blade of holy wrath!
* * * LOW HITPOINT WARNING * * *
Mennas hits you with a +5 eudemon blade of holy wrath!
You die...

...........################......
.................................
.................................
.......(..(......................
.................................
.........>.......................
.................................
.................................
...............A@................
.....C.....####'###..............
...........#......#..............
...........#......#......[.......
.^.........#......#..............
'###..H....#......#..............
,,*#.......#......#.(....(..(....
,**#.......#......#..###########.
****,,,,,,.######'#..#.........#.


You could see Mennas.

Vanquished Creatures
  Vashnia (Snake:2)
  Nikola (Snake:4)
  A deep elf blademaster (Elf:2)
  Gastronok (D:9)
  A sphinx (Vaults:2)
  3 thorn hunters
  Agnes (D:14)
  10 nagarajas
  Donald (Swamp:2)
  2 deep elf sorcerers (Elf:3)
  2 orc warlords
  3 vault wardens
  Aizul (Swamp:3)
  2 deep elf elementalists (Elf:3)
  A very ugly thing (Swamp:3)
  Louise (D:14)
  An ironheart preserver (Vaults:2)
  2 stone giants (Vaults:2)
  7 deep elf demonologists
  Nessos (D:13)
  10 deep elf annihilators
  8 deep elf death magi
  2 ettins
  A deep elf high priest (Elf:1)
  Josephine (Lair:5)
  2 ogre magi
  4 fire dragons
  2 rakshasas
  5 vault guards (Vaults:1)
  Erolcha (D:9)
  16 naga warriors
  26 hydras
  3 catoblepae (Lair:6)
  Harold (D:11)
  3 centaur warriors
  22 alligators
  5 anacondas
  5 ghost crabs
  11 two-headed ogres
  The ghost of Froggeryz the Basher, a journeyman GrAM of Okawaru (Lair:1)
  12 dancing weapons
  12 death yaks
  3 tengu warriors
  16 naga sharpshooters
  A vampire mage (D:14)
  4 shock serpents
  4 orc high priests
  11 deep elf knights
  2 skeletal warriors
  A salamander mystic (Snake:4)
  2 fire crabs (Swamp:4)
  A spriggan druid (Swamp:4)
  3 naga ritualists
  13 deep elf archers
  An unseen horror (D:12)
  2 glowing orange brains (Vaults:1)
  12 swamp dragons
  A lindwurm (Swamp:4)
  A wizard (Vaults:1)
  A wolf spider zombie (D:15)
  6 ironbrand convokers
  3 harpies (Vaults:2)
  2 necromancers
  Pikel (D:6)
  5 orc knights
  4 oklob plants (Lair:3)
  A sphinx zombie (D:15)
  2 wolf spiders (Vaults:1)
  48 deep elf magi
  34 ugly things
  5 orc sorcerers (Orc:2)
  10 salamanders
  3 cyclopes
  7 mana vipers
  A manticore (shapeshifter) (Elf:3)
  A frost giant skeleton (D:15)
  A moth of wrath (Lair:1)
  17 naga magi
  4 manticores
  30 black mambas
  3 guardian serpents
  6 elephants
  2 ice statues (Swamp:1)
  2 gargoyles
  6 vault sentinels
  Maurice (D:10)
  Maggie (D:7)
  2 centaur skeletons
  A kobold demonologist (D:14)
  An efreet (D:13)
  17 spiny frogs
  4 komodo dragons
  An elf zombie (D:15)
  13 yaktaurs
  2 tengu conjurers (D:15)
  5 rime drakes
  A yaktaur skeleton (Vaults:2)
  A freezing wraith (Vaults:2)
  5 trolls
  3 polar bears
  7 hornets
  A harpy skeleton (D:13)
  9 tyrant leeches
  5 bog bodies
  10 blink frogs
  14 hippogriffs
  A meliai zombie (D:15)
  25 slime creatures
  6 dream sheep (Lair:6)
  A fire giant simulacrum (Vaults:2)
  3 shadows (D:13)
  Sigmund (D:4)
  2 redbacks (shapeshifter)
  A redback (Vaults:2)
  An air elemental (Elf:2)
  4 spriggans
  A water elemental (Elf:3)
  5 wraiths
  46 yaks
  A fire elemental (Elf:2)
  A golden eye (shapeshifter) (Vaults:1)
  5 wyverns
  3 steam dragons
  2 basilisks
  A vampire (D:13)
  2 hungry ghosts
  18 vampire mosquitoes
  A human simulacrum (Vaults:1)
  7 wargs
  9 swamp worms
  64 nagas
  A tengu zombie (D:15)
  11 water moccasins
  12 insubstantial wisps
  2 acid dragons
  2 human skeletons (Vaults:2)
  18 swamp drakes
  33 orc warriors
  6 porcupines
  3 black bears
  Purgy (Sewer)
  3 ice beasts
  3 sky beasts
  A necrophage (D:10)
  23 ogres
  9 boggarts
  13 centaurs
  17 wolves
  13 crocodiles
  4 big kobolds (D:14)
  17 bullfrogs
  A gnoll sergeant (D:9)
  2 earth elementals
  A wyvern skeleton (D:10)
  A water moccasin skeleton (D:5)
  6 scorpions
  9 killer bees
  16 wights
  9 howler monkeys
  An electric eel (Lair:4)
  4 crimson imps
  A quasit (D:6)
  3 lava snakes
  2 centaur zombies
  5 hounds
  5 jellies
  34 orc priests
  3 iguanas
  32 orc wizards
  8 hell rats
  17 worker ants
  A hound skeleton (D:7)
  3 mummies (Ossuary)
  A howler monkey skeleton (D:11)
  6 gnolls
  20 adders
  2 shadow imps
  5 adder zombies
  4 adder skeletons
  5 worms
  3 dart slugs
  4 leopard geckos
  99 orcs
  5 bats
  7 giant cockroaches
  A gnoll zombie (Ossuary)
  9 goblins
  9 hobgoblins
  11 jackals
  3 kobolds
  3 quokkas
  2 ball pythons
  12 frilled lizards
  2 goblin zombies (Ossuary)
  3 hobgoblin zombies (Ossuary)
  4 kobold zombies (Ossuary)
  A quokka skeleton (D:6)
  3 quokka zombies (Ossuary)
  7 rats
  2 rat zombies (Ossuary)
  2 bushes (Lair:3)
  4 fungi
  12 plants (Lair:3)
1401 creatures vanquished.

Vanquished Creatures (collateral kills)
  A vault warden (Vaults:2)
  2 war gargoyles (Vaults:2)
  An entropy weaver (Vaults:2)
  A wolf spider (Vaults:2)
  A deep elf mage (Vaults:2)
  A cyclops (Vaults:2)
  A yaktaur (Vaults:2)
  A freezing wraith (Vaults:2)
  2 slime creatures (Vaults:2)
  3 redbacks (Vaults:2)
14 creatures vanquished.

Vanquished Creatures (others)
  2 deep elf master archers (Elf:3)
  A naga warrior (Snake:3)
  2 hydras (Swamp:4)
  3 naga sharpshooters (Snake:4)
  2 deep elf magi
  3 yaktaurs
  A hornet (Swamp:4)
  A bog body (Swamp:4)
  2 steam dragons (Swamp:4)
  2 swamp worms
  2 swamp drakes (Swamp:4)
  4 slaves (D:7)
  A wight (D:15)
  An orc wizard (D:10)
  A gnoll (D:7)
  346 foxfires
  27 fungi
  18 plants
  A withered plant (D:15)
420 creatures vanquished.

Grand Total: 1835 creatures vanquished

Notes
Turn   | Place    | Note
-------+----------+-------------------------------------------
     0 | D:1      | Hastur the Draconian Ice Elementalist began the quest for
                  | the Orb.
     0 | D:1      | Reached XP level 1. HP: 14/14 MP: 3/3
   373 | D:1      | Reached skill level 1 in Fighting
   399 | D:1      | Reached XP level 2. HP: 13/23 MP: 5/5
  1134 | D:2      | Found a bloodstained altar of Trog.
  1156 | D:2      | Reached XP level 3. HP: 21/29 MP: 2/7
  1665 | D:2      | Learned a level 3 spell: Frozen Ramparts
  1669 | D:2      | Learned a level 3 spell: Ozocubu's Armour
  1868 | D:3      | Reached XP level 4. HP: 19/37 MP: 4/8
  2003 | D:3      | Found a glowing drain.
  2017 | Sewer    | Entered a sewer
  2084 | Sewer    | Noticed Purgy
  2099 | Sewer    | Killed Purgy
  2099 | Sewer    | Reached XP level 5. HP: 10/46 MP: 1/11
  2703 | D:3      | Reached XP level 6. HP: 50/53 MP: 8/12
  2848 | D:3      | Found a radiant altar of Vehumet.
  2849 | D:3      | Found a shimmering altar of Xom.
  3202 | D:4      | Found an ornate altar of the Wu Jian Council.
  3226 | D:4      | Found a runed translucent door.
  3227 | D:4      | Noticed Crazy Yiuf
  3270 | D:4      | Found a runed translucent door.
  3270 | D:4      | Noticed triki's ghost (amateur KoAr)
  3595 | D:4      | Reached skill level 5 in Fighting
  3641 | D:4      | Reached skill level 5 in Spellcasting
  3828 | D:4      | Found a runed translucent door.
  3840 | D:4      | Identified the +0 pair of boots of the Endless Expanse
                  | {rF++} (You found it on level 4 of the Dungeon)
  3963 | D:4      | Your scales start taking on a fiery red colour.
  3963 | D:4      | Reached XP level 7. HP: 61/61 MP: 10/14
  3963 | D:4      | Gained mutation: Your flesh is heat resistant. (rF+) [Red
                  | Draconian growth]
  4028 | D:4      | Noticed Sigmund
  4038 | D:4      | Killed Sigmund
  4480 | D:5      | Entered Level 5 of the Dungeon
  4484 | D:5      | Reached skill level 5 in Stealth
  4508 | D:5      | Found an iron altar of Okawaru.
  4540 | D:5      | Found a white marble altar of Elyvilon.
  4541 | D:5      | Found an opulent altar of Gozag.
  4642 | D:5      | Found a hazy altar of Hepliaklqana.
  4772 | D:5      | Reached XP level 8. HP: 60/68 MP: 15/15
  4776 | D:5      | Found an ancient bone altar of Kikubaaqudgha.
  4893 | D:3      | Became a worshipper of Vehumet
  4981 | D:5      | Found a stormy altar of Qazlal.
  5917 | D:6      | Found a sand-covered staircase.
  5922 | Ossuary  | Entered an ossuary
  6126 | Ossuary  | Reached * piety under Vehumet
  6126 | Ossuary  | Offered knowledge of Foxfire by Vehumet.
  6129 | Ossuary  | Learned a level 1 spell: Foxfire
  6228 | D:6      | Reached skill level 1 in Conjurations
  6228 | D:6      | Reached skill level 1 in Fire Magic
  6349 | D:6      | Reached skill level 2 in Fire Magic
  6396 | D:6      | Reached skill level 3 in Fire Magic
  6886 | D:6      | Reached XP level 9. HP: 74/81 MP: 11/16
  6898 | D:6      | Reached skill level 4 in Fire Magic
  7105 | D:6      | Learned a level 3 spell: Conjure Flame
  7109 | D:6      | Learned a level 3 spell: Mephitic Cloud
  7112 | D:6      | Learned a level 2 spell: Blink
  7270 | D:7      | Noticed Pikel
  7275 | D:7      | Paralysed by Pikel for 4 turns
  7296 | D:6      | Paralysed by Pikel for 7 turns
  7297 | D:6      | Killed Pikel
  7297 | D:6      | Reached skill level 5 in Fire Magic
  7557 | D:7      | Noticed Maggie
  7574 | D:7      | Killed Maggie
  7776 | D:7      | Reached skill level 5 in Conjurations
  7802 | D:7      | Reached ** piety under Vehumet
  7802 | D:7      | Offered knowledge of Sandblast by Vehumet.
  8160 | D:7      | Reached skill level 6 in Fire Magic
  8186 | D:7      | Found a stormy altar of Qazlal.
  8708 | D:7      | Found a staircase to the Ecumenical Temple.
  8931 | D:7      | Found a runed translucent gate.
  8931 | D:7      | Found a runed translucent gate.
  8931 | D:7      | Found a runed translucent gate.
  8932 | D:7      | Noticed paps's ghost (novice OpFi)
  8933 | D:7      | Noticed paps's ghost (novice OpFi)
  8933 | D:7      | Noticed pljop's ghost (novice DgEE)
  8933 | D:7      | Noticed KiliKikkendorf's ghost (novice HOFi)
  8933 | D:7      | Noticed lis82's ghost (novice DEAE)
  8986 | D:8      | Offered knowledge of Ignite Poison by Vehumet.
  8987 | D:8      | Reached XP level 10. HP: 88/93 MP: 14/17
  8992 | D:8      | Learned a level 3 spell: Ignite Poison
  9142 | D:8      | Reached skill level 7 in Fire Magic
  9152 | D:8      | Found a viscous altar of Jiyva.
  9179 | D:8      | Reached skill level 10 in Fighting
  9347 | D:8      | Reached *** piety under Vehumet
 10550 | D:9      | Reached skill level 8 in Fire Magic
 10559 | D:9      | Offered knowledge of Sticky Flame by Vehumet.
 10994 | D:9      | Found a staircase to the Orcish Mines.
 11118 | D:9      | Reached **** piety under Vehumet
 11271 | D:9      | Found Asut's Mayhem Merchandise.
 11677 | D:9      | Noticed Erolcha
 11689 | D:9      | Killed Erolcha
 11696 | D:9      | Learned a level 4 spell: Sticky Flame
 11886 | D:9      | Noticed a gargoyle
 11900 | D:9      | Killed a gargoyle
 12257 | D:10     | Entered Level 10 of the Dungeon
 12467 | D:10     | Offered knowledge of Irradiate by Vehumet.
 12551 | D:10     | Noticed Gastronok
 13020 | D:9      | Killed Gastronok
 13020 | D:9      | Reached XP level 11. HP: 74/101 MP: 7/24
 13155 | D:10     | Noticed Maurice
 13361 | D:10     | Killed Maurice
 13398 | D:10     | Identified the cursed +0 flail "Buumnill" {vorpal, Dex+5}
                  | (You found it on level 10 of the Dungeon)
 13570 | D:10     | Reached skill level 10 in Spellcasting
 13780 | D:10     | Reached skill level 1 in Shields
 13954 | D:11     | Noticed a red ugly thing
 13977 | D:11     | Killed a red ugly thing
 14212 | D:11     | Reached skill level 9 in Fire Magic
 14451 | D:11     | Found a staircase to the Lair.
 14460 | D:11     | Found Oliniuf's Antique Armour Shop.
 14665 | D:11     | Noticed Harold
 14683 | D:11     | Killed Harold
 14683 | D:11     | Reached ***** piety under Vehumet
 14693 | D:11     | Offered knowledge of Ozocubu's Refrigeration by Vehumet.
 14694 | D:11     | Found Goimoip's General Store.
 15181 | D:11     | Found an ancient bone altar of Kikubaaqudgha.
 15313 | D:12     | Noticed a two-headed ogre
 15337 | D:12     | Reached skill level 10 in Fire Magic
 15343 | D:12     | Reached skill level 5 in Shields
 15344 | D:12     | Killed a two-headed ogre
 16124 | D:12     | Killed an unseen horror
 16124 | D:12     | Reached XP level 12. HP: 78/107 MP: 18/26
 16613 | D:13     | Noticed Nessos
 16640 | D:13     | Killed Nessos
 17578 | D:13     | Identified a scroll of acquirement
 17578 | D:13     | Identified the amulet "Vual" {Spirit rPois Int+4 Dex+3}
                  | (You acquired it on level 13 of the Dungeon)
 18647 | D:9      | Bought a book of Fire for 780 gold pieces
 18657 | D:9      | Learned a level 5 spell: Fireball
 18769 | Lair:1   | Entered Level 1 of the Lair of Beasts
 18816 | Lair:1   | Noticed a five-headed hydra
 18820 | Lair:1   | Killed a five-headed hydra
 18820 | Lair:1   | Reached skill level 10 in Shields
 18953 | Lair:1   | Found a transporter.
 18956 | Lair:1   | Noticed Froggeryz's ghost (journeyman GrAM)
 19170 | Lair:1   | Found a transporter.
 19273 | Lair:1   | Noticed a four-headed hydra
 19278 | Lair:1   | Killed a four-headed hydra
 19671 | Lair:1   | Found the +2 hood of the Assassin {Detection Stab+ Stlth++}
 20016 | Lair:2   | Noticed a six-headed hydra
 20037 | Lair:2   | Killed a six-headed hydra
 20868 | Lair:2   | Reached XP level 13. HP: 99/114 MP: 13/27
 22030 | Lair:3   | Found a shimmering blue altar of Sif Muna.
 22122 | Lair:3   | Found a staircase to the Swamp.
 22480 | Lair:2   | Learned a level 1 spell: Magic Dart
 24416 | Lair:4   | Offered knowledge of Lightning Bolt by Vehumet.
 24604 | Lair:4   | Found a gate leading to a gauntlet.
 24613 | Gauntlet | Entered a Gauntlet
 24613 | Gauntlet | Found a transporter.
 24613 | Gauntlet | Found a runed translucent door.
 24614 | Gauntlet | Found a runed translucent door.
 24616 | Gauntlet | Found a transporter.
 24620 | Gauntlet | Found a transporter.
 24626 | Gauntlet | Found a runed translucent gate.
 24626 | Gauntlet | Found a runed translucent gate.
 24626 | Gauntlet | Found a runed translucent gate.
 24628 | Gauntlet | Found a transporter.
 24632 | Gauntlet | Found a transporter.
 24641 | Gauntlet | Found a transporter.
 24644 | Gauntlet | Found a transporter.
 24655 | Gauntlet | Found a transporter.
 24656 | Gauntlet | Found a transporter.
 24664 | Gauntlet | Found a transporter.
 24685 | Gauntlet | Found a transporter.
 24697 | Gauntlet | Found a transporter.
 24709 | Gauntlet | Found a transporter.
 24721 | Gauntlet | Found a transporter.
 25728 | Lair:4   | Found a staircase to the Snake Pit.
 26643 | Lair:4   | Found a staircase to the Snake Pit.
 27229 | Lair:5   | Noticed Josephine
 27253 | Lair:5   | Found a staircase to the Slime Pits.
 27253 | Lair:5   | Found a viscous altar of Jiyva.
 27344 | Lair:5   | Found a transporter.
 27350 | Lair:5   | Noticed Askman's ghost (journeyman DsFi)
 27364 | Lair:5   | Found a transporter.
 27528 | Lair:5   | Killed Josephine
 27528 | Lair:5   | Reached skill level 15 in Shields
 27962 | Lair:6   | Entered Level 6 of the Lair of Beasts
 29003 | Lair:6   | Reached XP level 14. HP: 122/122 MP: 5/28
 29487 | Lair:6   | Offered knowledge of Lee's Rapid Deconstruction by Vehumet.
 30161 | Lair:6   | Found a runed translucent door.
 30163 | Lair:6   | Noticed flt's ghost (journeyman GnWr)
 30763 | Lair:6   | Reached skill level 10 in Conjurations
 32058 | D:14     | Noticed Louise
 32244 | D:14     | Found a shimmering altar of Xom.
 32259 | D:14     | Reached XP level 15. HP: 128/128 MP: 28/30
 32260 | D:14     | Reached skill level 11 in Fire Magic
 32260 | D:14     | Reached XP level 16. HP: 135/135 MP: 28/31
 32280 | D:14     | Noticed Agnes
 32316 | D:14     | Killed Agnes
 32793 | D:14     | Found a gate to the Vaults.
 33052 | D:14     | Paralysed by a centaur for 3 turns
 34030 | D:14     | Found a runed translucent door.
 34031 | D:14     | Found a shimmering altar of Xom.
 34031 | D:14     | Noticed Nuhysch's ghost (journeyman GrEE)
 34358 | D:14     | Found a shimmering altar of Xom.
 34528 | D:14     | Killed Louise
 34730 | D:14     | Found a gate to the Vaults.
 34779 | D:14     | Found a runed translucent door.
 34780 | D:14     | Found a shimmering altar of Xom.
 34813 | D:15     | Entered Level 15 of the Dungeon
 35392 | D:14     | Reached XP level 17. HP: 54/144 MP: 13/33
 35676 | D:15     | Reached skill level 12 in Fire Magic
 36651 | D:15     | Found a staircase to the Depths.
 37519 | D:15     | Found a snail-covered altar of Cheibriados.
 38146 | D:15     | Learned a level 6 spell: Starburst
 38267 | D:11     | Bought the -2 hat of the Alchemist {rElec rPois rF+ rC+ rN+
                  | MR+ rMut rCorr} for 613 gold pieces
 38267 | D:11     | Found the -2 hat of the Alchemist {rElec rPois rF+ rC+ rN+
                  | MR+ rMut rCorr}
 38415 | Orc:1    | Entered Level 1 of the Orcish Mines
 39412 | Orc:1    | Found a roughly hewn altar of Beogh.
 39589 | Orc:2    | Entered Level 2 of the Orcish Mines
 39641 | Orc:2    | Offered knowledge of Freezing Cloud by Vehumet.
 39659 | Orc:2    | Learned a level 6 spell: Freezing Cloud
 39854 | Orc:2    | Reached skill level 1 in Air Magic
 40109 | Orc:2    | Found a staircase to the Elven Halls.
 41465 | Orc:2    | Found Dakluydy's Antique Armour Boutique.
 41466 | Orc:2    | Found Cofotuv's Antique Weapon Shop.
 41467 | Orc:2    | Found Eggupt's General Store.
 41467 | Orc:2    | Found Woxewy's Jewellery Boutique.
 41873 | Swamp:1  | Entered Level 1 of the Swamp
 42290 | Swamp:1  | Reached skill level 5 in Air Magic
 42518 | Swamp:1  | Reached skill level 15 in Fighting
 42546 | Swamp:1  | Found a frozen archway.
 42817 | Swamp:1  | Offered knowledge of Conjure Ball Lightning by Vehumet.
 42818 | Swamp:1  | Identified Roxanne's Papyrus of the Rocks
 42818 | Swamp:1  | Noticed Roxanne
 43177 | Swamp:1  | Found a transporter.
 43182 | Swamp:1  | Found a one-way gate to the infinite horrors of the Abyss.
 43182 | Swamp:1  | Noticed Duecs's ghost (adept OpWn)
 43739 | Swamp:1  | Found a transporter.
 44649 | Swamp:2  | Noticed Donald
 44662 | Swamp:2  | Killed Donald
 44662 | Swamp:2  | Reached skill level 5 in Ice Magic
 45424 | Swamp:2  | Found a transporter.
 45698 | Swamp:2  | Reached XP level 18. HP: 153/163 MP: 22/34
 45842 | Swamp:2  | Found a transporter.
 47286 | Swamp:3  | Reached skill level 5 in Dodging
 47394 | Swamp:3  | Identified Pekuuffagg's Almanac of the Rocks and the
                  | Volcanoes (You acquired it on level 3 of the Swamp)
 48400 | Swamp:3  | Offered knowledge of Iron Shot by Vehumet.
 50153 | Swamp:4  | Entered Level 4 of the Swamp
 50275 | Swamp:4  | Noticed Aizul
 50288 | Swamp:3  | Killed Aizul
 51233 | Swamp:4  | Identified the cursed +1 dagger "Uliorch" {freeze, MR+
                  | Dex+4} (You found it on level 4 of the Swamp)
 53568 | Swamp:4  | Got a decaying rune of Zot
 53717 | Snake:1  | Entered Level 1 of the Snake Pit
 54146 | Snake:1  | Found a flickering gateway to a bazaar.
 54176 | Bazaar   | Entered a bazaar
 54180 | Bazaar   | Found Bupregg's Jewellery Boutique.
 54198 | Bazaar   | Found Ilasad's Food Emporium.
 54215 | Bazaar   | Found Deirah's Jewellery Boutique.
 54232 | Bazaar   | Found Souplebe's Antique Weapon Shoppe.
 54254 | Bazaar   | Bought a transparent morningstar for 252 gold pieces
 54289 | Snake:1  | Identified the cursed +1 morningstar of Undoing {vorpal,
                  | rF++} (You bought it in a shop in a bazaar)
 54857 | Snake:2  | Found a runed translucent gate.
 54858 | Snake:2  | Found a runed translucent gate.
 54880 | Snake:2  | Found a runed translucent gate.
 54909 | Snake:2  | Offered knowledge of Spellforged Servitor by Vehumet.
 54918 | Snake:2  | Learned a level 7 spell: Spellforged Servitor
 55050 | Snake:2  | Noticed Vashnia
 55241 | Snake:2  | Killed Vashnia
 55241 | Snake:2  | Reached XP level 19. HP: 129/170 MP: 8/37
 55621 | Snake:2  | Noticed Armakuni's ghost (adept DrCj)
 56508 | Snake:3  | Reached skill level 10 in Dodging
 56785 | Snake:3  | Reached skill level 1 in Summonings
 58151 | Snake:4  | Entered Level 4 of the Snake Pit
 58284 | Snake:4  | Found Qeroy's Jewellery Shop.
 59728 | Snake:4  | Noticed Nikola
 59748 | Snake:4  | Killed Nikola
 59748 | Snake:4  | Reached skill level 15 in Spellcasting
 59801 | Snake:4  | Reached skill level 5 in Summonings
 63222 | Snake:4  | Got a serpentine rune of Zot
 63641 | Lair:1   | Killed Froggeryz's ghost
 64002 | Lair:1   | Identified the +1 cloak of Limitation {Str+3 Int+3 Dex+5
                  | Stlth-} (You found it on level 1 of the Lair of Beasts)
 64192 | Elf:1    | Entered Level 1 of the Elven Halls
 64944 | Orc:2    | Upgraded the game from 0.25-a0-737-g26c3a87c45 to
                  | 0.25-a0-743-g84dc20635f
 64949 | Orc:2    | Learned a level 4 spell: Airstrike
 65089 | Elf:1    | Reached XP level 20. HP: 138/178 MP: 6/39
 65445 | Elf:1    | Found Egemy's Jewellery Shoppe.
 66360 | Elf:1    | Reached skill level 10 in Summonings
 66865 | Elf:1    | Learned a level 6 spell: Shadow Creatures
 67560 | Elf:2    | Found Loklaag's Jewellery Shoppe.
 67782 | Elf:2    | Found a runed translucent gate.
 67782 | Elf:2    | Found a runed translucent gate.
 67784 | Elf:2    | Found a runed translucent gate.
 68074 | Elf:3    | Entered Level 3 of the Elven Halls
 68213 | Elf:3    | Found Orupn's Magic Scroll Emporium.
 68302 | Elf:3    | Found Tukhiwkiesu's Gadget Boutique.
 68334 | Elf:3    | Found Tiakis's Assorted Antiques.
 68339 | Elf:3    | Bought a scroll of identify for 74 gold pieces
 68381 | Elf:3    | Reached skill level 13 in Fire Magic
 68448 | Elf:3    | Found a shimmering blue altar of Sif Muna.
 69367 | Elf:3    | Identified the cursed +2 war axe "Anomey" {flame, MP+9
                  | Dex-4 Stlth+}
 69851 | Elf:3    | Found Amerhousi's Antique Armour Shoppe.
 69956 | Elf:3    | Identified the ring of the Duchess {*Corrode rElec Int+4
                  | Slay+3}
 69958 | Elf:3    | Reached skill level 14 in Fire Magic
 70571 | Elf:3    | Identified the amulet of Disaster {+Rage Int+3}
 70680 | Elf:3    | Identified the ring of Huffieh {*Slow rC+ Str+5 SInv}
 70690 | Elf:3    | Reached skill level 15 in Fire Magic
 70693 | Elf:3    | Reached ****** piety under Vehumet
 70832 | Elf:3    | Identified the +9 mace of Fimbulwinter {vorpal, MR+ Str-5
                  | Int+2}
 70832 | Elf:3    | Identified the cursed +1 robe "Veoraesi" {rPois rN+}
 70832 | Elf:3    | Identified the amulet "Nocu" {Harm *Contam *Drain MP+9
                  | Slay+2}
 71810 | Elf:3    | Identified the Almanac of Pyromania
 71858 | Elf:3    | Reached skill level 16 in Fire Magic
 72150 | Vaults:1 | Entered Level 1 of the Vaults
 72453 | Vaults:1 | Offered knowledge of Fire Storm by Vehumet.
 72453 | Vaults:1 | Offered knowledge of Chain Lightning by Vehumet.
 72453 | Vaults:1 | Offered knowledge of Absolute Zero by Vehumet.
 73152 | Vaults:1 | Reached XP level 21. HP: 185/185 MP: 4/40
 73764 | Vaults:1 | Found a shimmering blue altar of Sif Muna.
 74916 | Vaults:2 | Identified the cursed +0 cloak of the Burgomaster {*Contam
                  | rC+ Regen+ Int+2} (You found it on level 2 of the Vaults)
 75075 | Vaults:2 | Noticed Mennas
 75695 | Vaults:2 | Reached skill level 17 in Fire Magic
 76860 | Vaults:2 | Slain by Mennas

Levels and vault maps discovered:
D:1:      wander_arrival_chamber, layout_basic
D:2:      layout_loops_ring, first_ration, trog_butcher_becter
D:3:      minmay_skewed_foursquare, layout_loops_corners, minitemple,
          gup_sewer_entry_glass
D:4:      layout_loops_ring, kennysheep_mini, ebering_ghost_sewer_f,
          minmay_increasing_density, uniq_crazy_yiuf_cottage, uniq_sigmund
D:5:      layout_loops_ring, grunt_temple_overflow_open,
          nicolae_overflow_crystal_walls, lemuel_crystal_altar,
          kennysheep_generic_room_9
D:6:      kennysheep_spiral_hall, layout_basic, nicolae_ossuary_entry_plus
D:7:      layout_rooms, minmay_temple_entry_proselytizer,
          gammafunk_ghost_cemetery, grunt_ogre_cave,
          nicolae_qazlal_eye_of_the_storm, uniq_maggie, uniq_pikel
D:8:      layout_layer_cave, jiyva_altar_1
D:9:      layout_loops_corners, erik_orc_3, minmay_shop_mayhem,
          kennysheep_generic_room_2, uniq_erolcha
D:10:     layout_roguey, uniq_gastronok, uniq_maurice
D:11:     layout_roguey, david_lair_generic, serial_shops, shop, shop,
          basic_altar, uniq_harold
D:12:     layout_stronghold, solitary_fountain
D:13:     layout_loops_corners, kennysheep_dice, uniq_nessos
D:14:     layout_irregular_city, hangedman_vaults_entry_quadrant_bands,
          ebering_ghost_xom, basic_altar, serial_column_ruins,
          column_ruins_circle_small, column_ruins_grid_3,
          column_ruins_corridor_dead_end, column_ruins_open_small,
          column_ruins_grid_1, column_ruins_columns_straight, uniq_agnes,
          uniq_louise
D:15:     gammafunk_depths_entry_grave, layout_cave_pools,
          chequers_serial_rivers_small_b, lemuel_tele_altar
Lair:1:   layout_chaotic_city, gammafunk_ghost_berserking_beasts,
          nzn_random_ring
Lair:2:   layout_chaotic_city, serial_bayou_shore_a
Lair:3:   minmay_lair_oklob_tunnel, layout_regular_city,
          minmay_swamp_entry_wisps, basic_altar, minmay_holes,
          chequers_serial_rivers_micro_a, minmay_shattered_shrine,
          grunt_megastairs_4
Lair:4:   layout_long_grid, guppyfry_snake_entry_island, gauntlet_entry_generic,
          infiniplex_staircase_pool
Lair:5:   layout_small_grid, slime_altar_1, gammafunk_ghost_berserking_beasts,
          serial_bayou_shore_b, uniq_josephine
Lair:6:   evilmike_catoblepas_cave, layout_layer_cave, ebering_ghost_inner_flame
Swamp:1:  layout_falls_marsh, gammafunk_ghost_abyssal_escape,
          portal_ice_cave_entry_ice_statue_two, evilmike_swamp_ruin_house_3,
          uniq_roxanne
Swamp:2:  gammafunk_its_a_trap, layout_basic_swamp, evilmike_swamp_ruin_house_2,
          uniq_donald
Swamp:3:  layout_falls_marsh, evilmike_swamp_ruin_rubble_2
Swamp:4:  swamp_fiery, layout_basic_swamp, uniq_aizul
Snake:1:  layout_onion_interference, serial_shops, bzr_entry_lakeside,
          st_stairs_12
Snake:2:  layout_onion, ebering_ghost_rock_garden, uniq_vashnia
Snake:3:  layout_gridlike, serial_bayou_pond_d
Snake:4:  minmay_snake_end_coiled, layout_gridlike,
          minmay_shop_enchanted_jewellery, grunt_megastairs_3,
          lemuel_fruit_tree, uniq_nikola
Orc:1:    layout_caves, basic_altar
Orc:2:    st_orc_congregation, layout_caves
Elf:1:    eino_elf_arrival_the_gate, layout_loops_cross, serial_shops, shop,
          hangedman_elf_represent
Elf:2:    layout_geoelf_octagon, serial_shops, nicolae_shop_window_shopping
Elf:3:    grunt_elf_hall_branching, layout_gridlike, basic_altar, serial_shops,
          shop, shop, nicolae_shop_statue_plus, shop
Vaults:1: v_misc_16, nicolae_vaults_network_s, nicolae_vaults_little_squares_4,
          grunt_vaults_hallway_short, vaults_room_ringed_pool, v_misc_13,
          nicolae_vaults_little_squares_2, layout_vaults_omnigrid, basic_altar
Vaults:2: vaults_room_corners, hangedman_vaults_slice,
          nicolae_vaults_circle_grid_b, v_misc_33, nicolae_vaults_asterisk,
          nicolae_vaults_network_barrier, dpeg_vaults_monster_row, v_misc_3,
          nicolae_vaults_rhombus_6, layout_vaults_chaotic_city, uniq_mennas

Skill      XL: |  1  2  3  4  5  6  7  8  9 10 11 12 13 14 15 16 17 18 19 20 21 |
---------------+----------------------------------------------------------------+-----
Fighting       | 1 2 4 5 7 9 10 11 15 16 | 16.2
Spellcasting   | 3 4 5 9 10 11 12 14 15 | 15.0
Stealth        | 3 6 |  6.1
Ice Magic      | 3 6 |  6.0
Conjurations   | 3 5 7 11 12 14 | 14.0
Fire Magic     | 3 6 8 10 11 12 16 17 | 17.1
Shields        | 7 12 15 | 15.0
Dodging        | 4 9 10 | 10.0
Air Magic      | 6 |  6.1
Summonings     | 8 11 | 11.0

Action                   |  1- 3 |  4- 6 |  7- 9 | 10-12 | 13-15 | 16-18 | 19-21 || total
-------------------------+-------+-------+-------+-------+-------+-------+-------++-------
Melee: Dagger            |    64 |    87 |   240 |   356 |   221 |   605 |   239 ||  1812
       Unarmed           |     3 |       |       |       |       |       |       ||     3
       Tailslap          |     7 |    10 |    25 |    38 |    35 |    92 |    94 ||   301
       Long sword        |       |       |       |       |       |       |   195 ||   195
Throw: Stone             |       |       |     1 |     1 |       |       |       ||     2
 Cast: Freeze            |    36 |    59 |    12 |       |       |       |       ||   107
       Frozen Ramparts   |     1 |    10 |    38 |    38 |     2 |     2 |     1 ||    92
       Foxfire           |       |       |    34 |   152 |    16 |       |       ||   202
       Sticky Flame      |       |       |       |    19 |    45 |   255 |    63 ||   382
       Mephitic Cloud    |       |       |       |    62 |    68 |    88 |    97 ||   315
       Ignite Poison     |       |       |       |    42 |    47 |    69 |    68 ||   226
       Conjure Flame     |       |       |       |     3 |     4 |       |       ||     7
       Fireball          |       |       |       |    37 |    98 |   192 |   415 ||   742
       Ozocubu's Armour  |       |       |       |     1 |       |       |       ||     1
       Magic Dart        |       |       |       |       |    97 |   540 |   220 ||   857
       Starburst         |       |       |       |       |       |     8 |       ||     8
       Freezing Cloud    |       |       |       |       |       |    12 |     1 ||    13
       Airstrike         |       |       |       |       |       |       |    53 ||    53
       Blink             |       |       |       |       |       |       |     1 ||     1
       Shadow Creatures  |       |       |       |       |       |       |    30 ||    30
 Abil: Breathe Fire      |       |       |     3 |    11 |    11 |    11 |    10 ||    46
Evoke: Wand              |       |       |       |     1 |       |     3 |       ||     4
       Phantom mirror    |       |       |       |       |       |       |     1 ||     1
  Use: Scroll            |     5 |     4 |     9 |    15 |     8 |    12 |     9 ||    62
       Potion            |       |     1 |     1 |     1 |     2 |     2 |     2 ||     9
 Stab: Distracted        |     1 |       |       |       |     1 |     1 |     1 ||     4
       Sleeping          |     1 |     2 |     6 |     7 |     1 |     1 |       ||    18
       Confused          |       |       |       |    12 |    16 |    10 |    14 ||    52
       Petrified         |       |       |       |       |     2 |       |       ||     2
  Eat: Chunk             |     2 |     8 |    16 |    36 |    20 |    49 |    36 ||   167
       Ration            |       |       |     1 |     4 |    10 |    12 |    11 ||    38
Armor: Skin              |    36 |    43 |    60 |   171 |   113 |   286 |    95 ||   804
Dodge: Dodged            |    53 |    88 |   141 |   252 |   163 |   603 |   417 ||  1717
       Deflected         |       |       |     1 |     5 |     7 |    48 |    17 ||    78
Block: Kite shield       |       |       |       |       |    90 |   828 |   508 ||  1426
       Reflection        |       |       |       |       |       |    13 |    85 ||    98
       Rpst.: Long sword |       |       |       |       |       |       |    46 ||    46

Table legend:
 A = Non-vault XP
 B = Vault XP
 C = Vault XP percentage of total XP
 D = Non-vault monster count
 E = Vault monster count
 F = Vault count percentage of total count
                 A         B        C        D         E       F
            +---------+---------+-------+---------+---------+-------
      Total |  321929 |  193382 |  37.5 |     983 |     431 |  30.5
            +---------+---------+-------+---------+---------+-------
        D:1 |      27 |       0 |   0.0 |      15 |       0 |   0.0
        D:2 |      24 |       7 |  22.6 |      10 |       4 |  28.6
        D:3 |     100 |      93 |  48.2 |      35 |      11 |  23.9
        D:4 |     413 |     267 |  39.3 |      16 |       2 |  11.1
        D:5 |     683 |      14 |   2.0 |      15 |       1 |   6.2
        D:6 |    1083 |     940 |  46.5 |      17 |       5 |  22.7
        D:7 |     967 |     572 |  37.2 |      29 |       3 |   9.4
        D:8 |     850 |     166 |  16.3 |      19 |       4 |  17.4
        D:9 |    3648 |    4317 |  54.2 |      46 |      21 |  31.3
       D:10 |    1517 |     426 |  21.9 |      23 |       1 |   4.2
       D:11 |    1718 |    1829 |  51.6 |      20 |       5 |  20.0
       D:12 |    4821 |       0 |   0.0 |      26 |       0 |   0.0
       D:13 |    6488 |    1468 |  18.5 |      25 |       2 |   7.4
       D:14 |   20386 |   10918 |  34.9 |      57 |      21 |  26.9
       D:15 |   13511 |    3038 |  18.4 |      32 |       6 |  15.8
     Lair:1 |    1869 |    5824 |  75.7 |       6 |      17 |  73.9
     Lair:2 |    3416 |     158 |   4.4 |      19 |       2 |   9.5
     Lair:3 |    6658 |    7314 |  52.3 |      24 |      26 |  52.0
     Lair:4 |    8562 |     320 |   3.6 |      27 |       2 |   6.9
     Lair:5 |    1134 |    2695 |  70.4 |       5 |       6 |  54.5
     Lair:6 |   15225 |   11813 |  43.7 |      49 |      22 |  31.0
    Swamp:1 |   16081 |     865 |   5.1 |      35 |       2 |   5.4
    Swamp:2 |   14734 |    1904 |  11.4 |      37 |       1 |   2.6
    Swamp:3 |   26944 |    5451 |  16.8 |      57 |       6 |   9.5
    Swamp:4 |   16565 |   12525 |  43.1 |      35 |      22 |  38.6
    Snake:1 |    5788 |     153 |   2.6 |      13 |       1 |   7.1
    Snake:2 |    5218 |    9124 |  63.6 |      10 |       6 |  37.5
    Snake:3 |   24068 |       0 |   0.0 |      41 |       0 |   0.0
    Snake:4 |   30368 |   32427 |  51.6 |      58 |      52 |  47.3
      Orc:1 |    2350 |    2493 |  51.5 |      21 |       4 |  16.0
      Orc:2 |    3058 |    9382 |  75.4 |      19 |      71 |  78.9
      Elf:1 |   22669 |    8619 |  27.5 |      39 |      13 |  25.0
      Elf:2 |   12334 |    4242 |  25.6 |      19 |       3 |  13.6
      Elf:3 |   16820 |   37753 |  69.2 |      28 |      27 |  49.1
   Vaults:1 |   18766 |    1715 |   8.4 |      32 |       2 |   5.9
   Vaults:2 |   13066 |   14318 |  52.3 |      24 |      31 |  56.4
      Sewer |       0 |     144 | 100.0 |       0 |       8 | 100.0
    Ossuary |       0 |      88 | 100.0 |       0 |      21 | 100.0
            +---------+---------+-------+---------+---------+-------
